[Event "Charlotte Spring-E 2022"]
[Site "Charlotte"]
[Date "2022.03.17"]
[Round "2.1"]
[White "Chiku-Ratte, Olivier-Kenta"]
[Black "Chasin, Nico"]
[Result "0-1"]
[ECO "E54"]
[WhiteElo "2382"]
[BlackElo "2270"]
[Annotator "ChessBase"]
[PlyCount "64"]
[EventDate "2022.03.16"]
[EventType "tourn"]
[EventCountry "USA"]
[SourceTitle "playchess.com"]
[Source "ChessBase"]
[SourceQuality "1"]
[TimeControl "5400+30"]

1. d4 Nf6 2. c4 e6 3. Nf3 d5 4. Nc3 Bb4 5. e3 O-O 6. Bd3 c5 7. O-O cxd4 8. exd4 dxc4 9. Bxc4 h6 10. Qb3 Nc6 11. d5 exd5 12. Nxd5 Bd6 13. Nxf6+ Qxf6 14. Bd5 Nb4 15. Be3 Bg4 16. Bxb7 Rab8 17. Be4 Rfe8 18. Bxa7 Rxe4 19. Bxb8 Bxb8 20. Rfe1 Bxf3 21. Qxf3 Bxh2+ 22. Kh1 Rh4 23. Qxf6 gxf6 24. Re2 Nd3 25. a4 Nxb2 26. a5 Nd3 27. Raa2 Be5+ 28. Kg1 Nc1 29. a6 Nxe2+ 30. Kf1 Nc3 31. g4 Bd4 32. Rd2 Rxg4 0-1

[Event "Charlotte Spring-E 2022"]
[Site "Charlotte"]
[Date "2022.03.17"]
[Round "2.2"]
[White "Kanli, Alperen"]
[Black "Yang, Qindong"]
[Result "1-0"]
[ECO "E20"]
[WhiteElo "2131"]
[BlackElo "2084"]
[Annotator "ChessBase"]
[PlyCount "65"]
[EventDate "2022.03.16"]
[EventType "tourn"]
[EventCountry "USA"]
[SourceTitle "playchess.com"]
[Source "ChessBase"]
[SourceQuality "1"]
[TimeControl "5400+30"]

1. d4 Nf6 2. c4 e6 3. Nc3 Bb4 4. f3 c5 5. d5 b5 6. e4 d6 7. Nge2 O-O 8. Nf4 e5 9. Nfe2 bxc4 10. Ng3 Nbd7 11. Be2 Nb6 12. O-O Bd7 13. f4 Ne8 14. fxe5 dxe5 15. Bg4 Nd6 16. Qf3 Rb8 17. Nce2 Qc8 18. Bxd7 Qxd7 19. Be3 Na4 20. Rab1 Rfc8 21. Nh5 Ne8 22. Neg3 Rb6 23. Nf5 Kh8 24. d6 f6 25. Nfxg7 Rxd6 26. Nxe8 Qxe8 27. Nxf6 Qg6 28. Nd5 Re8 29. h4 Nb6 30. h5 Qg7 31. h6 Qg6 32. Ne7 Qe6 33. Qf8+ 1-0

[Event "Charlotte Spring-E 2022"]
[Site "Charlotte"]
[Date "2022.03.17"]
[Round "2.3"]
[White "Chen, Ryo"]
[Black "Rorrer, Grayson"]
[Result "0-1"]
[ECO "B92"]
[WhiteElo "2303"]
[BlackElo "2191"]
[Annotator "ChessBase"]
[PlyCount "88"]
[EventDate "2022.03.16"]
[EventType "tourn"]
[EventCountry "USA"]
[SourceTitle "playchess.com"]
[Source "ChessBase"]
[SourceQuality "1"]
[TimeControl "5400+30"]

1. e4 c5 2. Nf3 d6 3. d4 cxd4 4. Nxd4 Nf6 5. Nc3 a6 6. Be2 e5 7. Nb3 Be7 8. O-O O-O 9. Bf3 Be6 10. a4 Nbd7 11. a5 Rc8 12. Be3 Qc7 13. Re1 Rfe8 14. Nd2 h6 15. Nf1 Qc6 16. Ng3 Nf8 17. h3 N8h7 18. h4 Bd8 19. Nf1 Nd7 20. g3 Nhf6 21. Re2 Nc5 22. Nd2 b6 23. axb6 Bxb6 24. Ra3 Red8 25. b4 Ncd7 26. Re1 Bxe3 27. Rxe3 Qb7 28. Qb1 Nb6 29. Na4 Nxa4 30. Rxa4 d5 31. exd5 Bxd5 32. Bxd5 Nxd5 33. Rd3 Nc3 34. Qb3 Rxd3 35. cxd3 Nxa4 36. Qxa4 Rc1+ 37. Nf1 Qb5 38. Qa3 Rd1 39. Qc3 Qxd3 40. Qc8+ Kh7 41. Qh3 Qf3 42. h5 e4 43. Qc8 e3 44. Qc2+ f5 0-1

[Event "Charlotte Spring-E 2022"]
[Site "Charlotte"]
[Date "2022.03.18"]
[Round "3.4"]
[White "Yang, Qindong"]
[Black "Chen, Ryo"]
[Result "1/2-1/2"]
[ECO "E65"]
[WhiteElo "2084"]
[BlackElo "2303"]
[Annotator "RC"]
[PlyCount "109"]
[EventDate "2022.03.16"]
[EventType "tourn"]
[EventCountry "USA"]
[SourceTitle "playchess.com"]
[Source "ChessBase"]
[SourceQuality "1"]
[TimeControl "5400+30"]

1. d4 Nf6 2. c4 g6 3. Nf3 Bg7 4. g3 O-O 5. Bg2 d6 6. O-O c5 7. dxc5 dxc5 8. Nc3 Nc6 9. Be3 Be6 10. Bxc5 Qa5 11. Ba3 Bxc4 12. Nd2 Be6 13. Qa4 Qh5 14. Qb5 Qxb5 15. Nxb5 Rad8 16. Rfd1 Rd7 17. Nb3 a6 18. Nc3 Bxb3 19. Rxd7 Nxd7 20. axb3 Ndb8 21. Rd1 Rc8 22. Bc5 Bf8 23. Bb6 e6 24. Na4 Be7 25. Nc5 Bxc5 26. Bxc5 Rd8 27. Rxd8+ Nxd8 28. e3 Ndc6 29. Kf1 f6 30. Ke2 Kf7 31. h4 Nd7 32. Bd6 f5 33. Kd3 e5 34. Bd5+ Kf6 35. f4 e4+ 36. Kc3 Nb6 37. Bxc6 bxc6 38. Be5+ Ke6 39. Bd4 Nd7 40. Kc4 a5 41. Bc5 Nf6 42. Bd4 Nd5 43. Kc5 Kd7 44. Kc4 Nb4 45. Bb6 Nd3 46. Kc3 Nf2 47. Bxa5 Nh1 48. Kd4 Nxg3 49. Ke5 Nf1 50. Bb6 Nh2 51. Kf6 Ng4+ 52. Kg7 Ke6 53. Kxh7 Kf7 54. Bd4 Nh2 55. Bb6 1/2-1/2

[Event "Charlotte Spring-E 2022"]
[Site "Charlotte"]
[Date "2022.03.18"]
[Round "4.1"]
[White "Chiku-Ratte, Olivier-Kenta"]
[Black "Kanli, Alperen"]
[Result "1-0"]
[ECO "D26"]
[WhiteElo "2382"]
[BlackElo "2131"]
[Annotator "ChessBase"]
[PlyCount "47"]
[EventDate "2022.03.16"]
[EventType "tourn"]
[EventCountry "USA"]
[SourceTitle "playchess.com"]
[Source "ChessBase"]
[SourceQuality "1"]
[TimeControl "5400+30"]

1. d4 d5 2. c4 dxc4 3. Nf3 Nf6 4. e3 e6 5. Bxc4 a6 6. O-O b5 7. Bd3 Bb7 8. a4 b4 9. Nbd2 c5 10. e4 c4 11. Bxc4 Nxe4 12. Nxe4 Bxe4 13. Re1 Bd5 14. Bg5 f6 15. Ne5 fxg5 16. Qh5+ g6 17. Nxg6 hxg6 18. Qxg6+ Kd7 19. Bxd5 exd5 20. Rac1 Be7 21. Qe6+ Ke8 22. Rc8 Ra7 23. Rxd8+ Kxd8 24. Qe5 1-0

[Event "Charlotte Spring-E 2022"]
[Site "Charlotte"]
[Date "2022.03.18"]
[Round "4.2"]
[White "Chen, Ryo"]
[Black "Chasin, Nico"]
[Result "0-1"]
[ECO "B48"]
[WhiteElo "2303"]
[BlackElo "2270"]
[Annotator "ChessBase"]
[PlyCount "90"]
[EventDate "2022.03.16"]
[EventType "tourn"]
[EventCountry "USA"]
[SourceTitle "playchess.com"]
[Source "ChessBase"]
[SourceQuality "1"]
[TimeControl "5400+30"]

1. e4 c5 2. Nf3 e6 3. d4 cxd4 4. Nxd4 Nc6 5. Nc3 Qc7 6. Be3 a6 7. g4 b5 8. Nxc6 Qxc6 9. Qd2 b4 10. Ne2 Qxe4 11. Rg1 Qc6 12. Bg2 d5 13. O-O-O Nf6 14. g5 Nd7 15. f4 g6 16. Bd4 Rg8 17. Kb1 Bb7 18. Rc1 Qb5 19. Ng3 O-O-O 20. Bf1 Qa5 21. c4 Kb8 22. cxd5 Bxd5 23. Bc4 Bb7 24. Rgd1 Bc5 25. Qe3 Bxd4 26. Rxd4 Nc5 27. Qe5+ Qc7 28. Rxd8+ Rxd8 29. Qxc7+ Kxc7 30. Bxa6 Bxa6 31. Rxc5+ Kb6 32. Re5 Rd2 33. Ne4 Rxh2 34. Nd6 Bd3+ 35. Kc1 Rc2+ 36. Kd1 Rxb2 37. Re3 Bc2+ 38. Kc1 Rxa2 39. Nxf7 Bf5 40. Nd6 Kc5 41. Nxf5 exf5 42. Re7 Rh2 43. Rc7+ Kd4 44. Kb1 Ke3 45. Rc4 Rh4 0-1

[Event "Charlotte Spring-E 2022"]
[Site "Charlotte"]
[Date "2022.03.18"]
[Round "4.3"]
[White "Zaloznyy, Mike"]
[Black "Yang, Qindong"]
[Result "1/2-1/2"]
[ECO "B55"]
[WhiteElo "2065"]
[BlackElo "2084"]
[Annotator "ChessBase"]
[PlyCount "35"]
[EventDate "2022.03.16"]
[EventType "tourn"]
[EventCountry "USA"]
[SourceTitle "playchess.com"]
[Source "ChessBase"]
[SourceQuality "1"]
[TimeControl "5400+30"]

1. e4 c5 2. Nf3 d6 3. d4 cxd4 4. Nxd4 Nf6 5. f3 e5 6. Nb3 d5 7. Bg5 Be6 8. Bxf6 gxf6 9. exd5 Qxd5 10. Qxd5 Bxd5 11. Nc3 Be6 12. O-O-O Nc6 13. Ne4 Ke7 14. Nbc5 b6 15. Nxe6 fxe6 16. Ba6 Bh6+ 17. Kb1 Rad8 18. c3 1/2-1/2

[Event "Charlotte Spring-E 2022"]
[Site "Charlotte"]
[Date "2022.03.19"]
[Round "6.1"]
[White "Chiku-Ratte, Olivier-Kenta"]
[Black "Chen, Ryo"]
[Result "1-0"]
[ECO "E90"]
[WhiteElo "2382"]
[BlackElo "2303"]
[Annotator "NA"]
[PlyCount "83"]
[EventDate "2022.03.16"]
[EventType "tourn"]
[EventCountry "USA"]
[SourceTitle "playchess.com"]
[Source "ChessBase"]
[SourceQuality "1"]
[TimeControl "5400+30"]

1. d4 Nf6 2. c4 g6 3. Nc3 Bg7 4. e4 d6 5. h3 O-O 6. Nf3 e5 7. d5 a5 8. Bd3 Na6 9. O-O Nd7 10. Be3 Ndc5 11. Bc2 f5 12. exf5 gxf5 13. Ne1 $11 (13. a3 $142) 13... Qh4 14. f4 e4 15. a3 Bd7 16. Rb1 Kf7 17. Nb5 Bxb5 18. cxb5 Nb8 19. b4 axb4 20. axb4 Ncd7 21. Bb3 Rg8 22. Bf2 Qh6 23. Qc1 Bf6 24. Kh2 Bh4 25. Bd4 Qg6 26. Rb2 Ra3 27. Kh1 Ke7 28. Rg1 Kd8 29. Rb1 Ra8 30. Qc3 Bf6 31. Nc2 Bxd4 32. Nxd4 Qf6 33. Ne6+ Ke7 34. Qxc7 Qh4 35. Nd4 Qh5 36. Bd1 Qg6 37. Qc3 Nf6 38. g4 fxg4 39. Bxg4 Qf7 40. Nf5+ Kd8 41. Nxd6 Qf8 42. Qc8+ 1-0

[Event "Charlotte Spring-E 2022"]
[Site "Charlotte"]
[Date "2022.03.19"]
[Round "6.2"]
[White "Zaloznyy, Mike"]
[Black "Kanli, Alperen"]
[Result "0-1"]
[ECO "A06"]
[WhiteElo "2065"]
[BlackElo "2131"]
[Annotator "NA"]
[PlyCount "88"]
[EventDate "2022.03.16"]
[EventType "tourn"]
[EventCountry "USA"]
[SourceTitle "playchess.com"]
[Source "ChessBase"]
[SourceQuality "1"]
[TimeControl "5400+30"]

1. Nf3 d5 2. e3 Nf6 3. b3 c5 4. Bb2 Nc6 5. Bb5 e6 6. Bxc6+ bxc6 7. Ne5 Bd6 8. f4 Qc7 9. d3 O-O 10. O-O Nd7 11. Nxd7 Bxd7 12. Qh5 f6 13. Nd2 Rae8 14. Rf3 Re7 15. a4 g6 16. Qh4 e5 17. fxe5 Bxe5 18. d4 cxd4 19. exd4 Bd6 20. c4 Re2 21. Bc1 g5 22. Qh5 Qc8 23. Rxf6 Rxg2+ 24. Kxg2 Rxf6 25. Kh1 h6 26. Qe2 Qf8 27. Kg1 Rf4 28. Bb2 Bh3 29. Nf1 Rg4+ 30. Ng3 Bxg3 31. hxg3 Rxg3+ 32. Kh1 Bg4 33. Qf1 Qf3+ 34. Qxf3 Bxf3+ 35. Kh2 Rg2+ 36. Kh3 Rxb2 37. cxd5 Bxd5 38. Re1 h5 39. Re7 Rxb3+ 40. Kh2 g4 41. a5 Rh3+ 42. Kg1 g3 43. Kf1 Rh1+ 44. Ke2 g2 0-1

[Event "Charlotte Spring-E 2022"]
[Site "Charlotte"]
[Date "2022.03.19"]
[Round "6.3"]
[White "Woodward, Andy"]
[Black "Chasin, Nico"]
[Result "1/2-1/2"]
[ECO "E01"]
[WhiteElo "2317"]
[BlackElo "2270"]
[Annotator "NA"]
[PlyCount "52"]
[EventDate "2022.03.16"]
[EventType "tourn"]
[EventCountry "USA"]
[SourceTitle "playchess.com"]
[Source "ChessBase"]
[SourceQuality "1"]
[TimeControl "5400+30"]

1. d4 Nf6 2. c4 e6 3. Nf3 d5 4. g3 Bb4+ 5. Bd2 Bd6 6. Bg2 Nbd7 7. Qc2 c6 8. O-O O-O 9. Bg5 h6 10. Bxf6 Nxf6 11. Nbd2 b6 12. e4 Be7 13. exd5 $11 cxd5 14. Ne5 Bb7 15. Rac1 Rb8 16. cxd5 Bxd5 17. Bxd5 Qxd5 18. Qc4 Rb7 19. Qxd5 Nxd5 20. Ne4 f6 21. Nc6 Nb4 22. Nxb4 Bxb4 23. Rc4 Be7 24. Rfc1 Rd7 25. Nd2 e5 26. Rc7 Rfd8 1/2-1/2

[Event "Charlotte Spring-E 2022"]
[Site "Charlotte"]
[Date "2022.03.19"]
[Round "6.4"]
[White "Matros, Alexander"]
[Black "Yang, Qindong"]
[Result "1/2-1/2"]
[ECO "E32"]
[WhiteElo "2357"]
[BlackElo "2084"]
[Annotator "NA"]
[PlyCount "61"]
[EventDate "2022.03.16"]
[EventType "tourn"]
[EventCountry "USA"]
[SourceTitle "playchess.com"]
[Source "ChessBase"]
[SourceQuality "1"]
[TimeControl "5400+30"]

1. d4 Nf6 2. c4 e6 3. Nc3 Bb4 4. Qc2 b6 5. e4 c5 6. dxc5 Bb7 7. Bd3 bxc5 8. Nge2 Nc6 9. O-O d6 10. Bf4 O-O 11. Rad1 Qe7 12. Bg5 h6 13. Bh4 Nd4 14. Nxd4 cxd4 15. Ne2 g5 16. Bg3 e5 17. a3 Bc5 18. b4 Bb6 19. f3 a5 20. Be1 axb4 21. axb4 Nh5 22. Bd2 Bc6 23. Ra1 Rfc8 24. Qb2 Bd7 25. Rxa8 Rxa8 26. Ra1 Qd8 27. Ra3 Be6 28. Qa2 Rxa3 29. Qxa3 Qc8 30. Qa2 Kg7 31. Kf1 1/2-1/2